3A
KENNESAW JETS @ MONROEVILLE YINZERS
08/01/2042
 
TOP OF THE 1ST
Kennesaw Jets batting - Pitching for Monroeville Yinzers : RHP António Haritos
Pitching: RHP António Haritos
Batting: RHB Pancho Hernández 0-0: Ball
1-0: Called Strike
1-1: Ball
2-1: Swinging Strike
2-2: Strikes out looking
Batting: LHB Ta-hye Keng 0-0: Ball
1-0: Ball
2-0: Called Strike
2-1: Fly out, F6 (Popup, P, EV 78.1 MPH)
Batting: RHB Rubén Nuañez 0-0: Ball
1-0: Fly out, F8 (Line Drive, 8LD, EV 95.0 MPH)
Top of the 1st over - 0 runs, 0 hits, 0 errors, 0 left on base; Kennesaw 0 - Monroeville 0
BOTTOM OF THE 1ST
Monroeville Yinzers batting - Pitching for Kennesaw Jets : RHP José Jiménez
Pitching: RHP José Jiménez
Batting: SHB Cristo López 0-0: Called Strike
0-1: Called Strike
0-2: Ball
1-2: Ground out 1-3 (Groundball, 34S, EV 78.1 MPH)
Batting: SHB Chong-hun Cho 0-0: Fly out, F8 (Flyball, 8RD, EV 79.4 MPH)
Batting: LHB Gustavo Gonzáles 0-0: Foul Ball, location: 2F
0-1: Ball
1-1: Swinging Strike
1-2: Strikes out looking
Bottom of the 1st over - 0 runs, 0 hits, 0 errors, 0 left on base; Kennesaw 0 - Monroeville 0
TOP OF THE 2ND
Kennesaw Jets batting - Pitching for Monroeville Yinzers : RHP António Haritos
Batting: LHB Steve Hodge 0-0: Ball
1-0: Called Strike
1-1: Ball
2-1: Foul Ball, location: 2F
2-2: Strikes out looking
Batting: RHB Will Gamble 0-0: Ball
1-0: Ball
2-0: DOUBLE (Groundball, 5L, EV 108.1 MPH)
Batting: LHB Russ Boucher 0-0: Ball
Will Gamble steals 3rd, throwing error, E2
Will Gamble scores
1-0: Called Strike
1-1: Ball
2-1: Ball
3-1: Ground out 5-3 (Groundball, 56S, EV 88.1 MPH)
Batting: LHB José Costa 0-0: SINGLE (Groundball, 56D, EV 94.4 MPH)
Batting: RHB Kaaleppi Möttölä 0-0: Ball
1-0: Ball
2-0: Called Strike
2-1: Ball
3-1: Ground out 1-3 (Groundball, 34S, EV 73.8 MPH)
Top of the 2nd over - 1 run, 2 hits, 1 error, 1 left on base; Kennesaw 1 - Monroeville 0
BOTTOM OF THE 2ND
Monroeville Yinzers batting - Pitching for Kennesaw Jets : RHP José Jiménez
Batting: RHB Félix Pacheco 0-0: Ball
1-0: Fly out, F9 (Flyball, 9S, EV 93.1 MPH)
Batting: RHB Dave Hall 0-0: Called Strike
0-1: Called Strike
0-2: Strikes out swinging
Batting: SHB John Clay 0-0: Ball
1-0: Called Strike
1-1: Called Strike
1-2: Fly out, F8 (Flyball, 8RM, EV 86.9 MPH)
Bottom of the 2nd over - 0 runs, 0 hits, 0 errors, 0 left on base; Kennesaw 1 - Monroeville 0
TOP OF THE 3RD
Kennesaw Jets batting - Pitching for Monroeville Yinzers : RHP António Haritos
Batting: RHB Steve Gill 0-0: Ball
1-0: Ball
2-0: Foul Ball, location: 2F
2-1: Ball
3-1: Base on Balls
Batting: RHB Pancho Hernández 0-0: Foul Ball, location: 2F
0-1: Hit by Pitch
Steve Gill to second
Batting: LHB Ta-hye Keng 0-0: Ball
1-0: Ball
2-0: Ball
3-0: Base on Balls
Steve Gill to third
Pancho Hernández to second
Batting: RHB Rubén Nuañez 0-0: Grounds into fielders choice 1-2 (Groundball, 15S, EV 61.2 MPH)
Pancho Hernández to third
Ta-hye Keng to second
Batting: LHB Steve Hodge 0-0: Swinging Strike
0-1: Ball
1-1: Ball
2-1: Foul Ball, location: 2F
2-2: Foul Ball, location: 2F
2-2: DOUBLE (Flyball, 89XD, EV 111.2 MPH)
Pancho Hernández scores
Ta-hye Keng scores
Rubén Nuañez to third
Batting: RHB Will Gamble 0-0: Called Strike
0-1: Swinging Strike
0-2: Ball
1-2: Ball
2-2: Strikes out swinging
Batting: LHB Russ Boucher 0-0: Called Strike
0-1: Swinging Strike
0-2: 3-RUN HOME RUN (Flyball, 9D, EV 105.6 MPH), Distance : 385 ft
Pitching: LHP Jasper In de Boomgaert
Batting: LHB José Costa 0-0: DOUBLE (Line Drive, 78M, EV 107.5 MPH)
Batting: RHB Kaaleppi Möttölä 0-0: Called Strike
0-1: Ball
1-1: Fly out, F8 (Line Drive, 8RM, EV 95.0 MPH)
Top of the 3rd over - 5 runs, 3 hits, 0 errors, 1 left on base; Kennesaw 6 - Monroeville 0
BOTTOM OF THE 3RD
Monroeville Yinzers batting - Pitching for Kennesaw Jets : RHP José Jiménez
Batting: RHB Donovan Poe 0-0: Swinging Strike
0-1: Ball
1-1: Ball
2-1: Foul Ball, location: 2F
2-2: Ball
3-2: Strikes out swinging
Batting: RHB Mike Sackett 0-0: Fly out, F6 (Popup, 6, EV 65.0 MPH)
Batting: RHB Drake Riley Jr. 0-0: Reached on error, E6 (Groundball, 56, EV 91.2 MPH)
Batting: SHB Cristo López 0-0: Ground out 4-3 (Groundball, 4, EV 86.2 MPH)
Bottom of the 3rd over - 0 runs, 0 hits, 1 error, 1 left on base; Kennesaw 6 - Monroeville 0
TOP OF THE 4TH
Kennesaw Jets batting - Pitching for Monroeville Yinzers : LHP Jasper In de Boomgaert
Batting: RHB Steve Gill 0-0: Called Strike
0-1: Foul Ball, location: 2F
0-2: Strikes out looking
Batting: RHB Pancho Hernández 0-0: Swinging Strike
0-1: Foul Ball, location: 2F
0-2: Ball
1-2: Ball
2-2: SINGLE (Line Drive, 9S, EV 89.4 MPH)
Batting: LHB Ta-hye Keng 0-0: Called Strike
0-1: Ball
1-1: Foul Ball, location: 2F
1-2: Foul Ball, location: 2F
1-2: Ball
2-2: Strikes out looking
Batting: RHB Rubén Nuañez 0-0: Ball
1-0: Ground out 4-3 (Groundball, 4, EV 100.0 MPH)
Top of the 4th over - 0 runs, 1 hit, 0 errors, 1 left on base; Kennesaw 6 - Monroeville 0
BOTTOM OF THE 4TH
Monroeville Yinzers batting - Pitching for Kennesaw Jets : RHP José Jiménez
Batting: SHB Chong-hun Cho 0-0: Ball
1-0: Fly out, F8 (Flyball, 78D, EV 92.5 MPH)
Batting: LHB Gustavo Gonzáles 0-0: Called Strike
0-1: Called Strike
0-2: Ball
1-2: Foul Ball, location: 2F
1-2: Strikes out swinging
Batting: RHB Félix Pacheco 0-0: Ball
1-0: Foul Ball, location: 2F
1-1: Foul Ball, location: 2F
1-2: Foul Ball, location: 2F
1-2: Foul Ball, location: 2F
1-2: Ball
2-2: Ball
3-2: Strikes out looking
Bottom of the 4th over - 0 runs, 0 hits, 0 errors, 0 left on base; Kennesaw 6 - Monroeville 0
TOP OF THE 5TH
Kennesaw Jets batting - Pitching for Monroeville Yinzers : LHP Jasper In de Boomgaert
Batting: LHB Steve Hodge 0-0: Called Strike
0-1: Called Strike
0-2: Ball
1-2: Ball
2-2: Ball
3-2: Fly out, F8 (Flyball, 8RD, EV 91.2 MPH)
Batting: RHB Will Gamble 0-0: Foul Ball, location: 2F
0-1: Called Strike
0-2: Ball
1-2: Ball
2-2: Ball
3-2: DOUBLE (Line Drive, 89XD, EV 111.9 MPH)
Batting: LHB Russ Boucher 0-0: Ball
1-0: Ground out 4-3 (Groundball, 34, EV 85.6 MPH)
Will Gamble to third
Batting: LHB José Costa 0-0: Called Strike
0-1: Ball
1-1: SINGLE (Flyball, 78S, EV 90.0 MPH)
Will Gamble scores
Batting: RHB Kaaleppi Möttölä 0-0: Fly out, F7 (Flyball, 7LS, EV 90.6 MPH)
Top of the 5th over - 1 run, 2 hits, 0 errors, 1 left on base; Kennesaw 7 - Monroeville 0
BOTTOM OF THE 5TH
Monroeville Yinzers batting - Pitching for Kennesaw Jets : RHP José Jiménez
Batting: RHB Dave Hall 0-0: SINGLE (Groundball, 6MD, EV 97.5 MPH)
Batting: SHB John Clay 0-0: Ball
1-0: Called Strike
1-1: Ball
2-1: Ball
3-1: Called Strike
3-2: Fly out, F8 (Flyball, 8LD, EV 104.4 MPH)
Batting: RHB Donovan Poe 0-0: Foul Ball, location: 2F
0-1: Foul Ball, location: 2F
0-2: Strikes out swinging
Batting: RHB Mike Sackett 0-0: Called Strike
0-1: Foul Ball, location: 2F
0-2: Strikes out swinging
Bottom of the 5th over - 0 runs, 1 hit, 0 errors, 1 left on base; Kennesaw 7 - Monroeville 0
TOP OF THE 6TH
Kennesaw Jets batting - Pitching for Monroeville Yinzers : LHP Jasper In de Boomgaert
Batting: RHB Steve Gill 0-0: Called Strike
0-1: Called Strike
0-2: Foul Ball, location: 2F
0-2: Ball
1-2: Foul Ball, location: 2F
1-2: Ball
2-2: Foul Ball, location: 2F
2-2: Ground out 1-3 (Groundball, 13, EV 62.5 MPH)
Pitching: RHP Jeff Haley
Batting: RHB Pancho Hernández 0-0: Ball
1-0: Ground out 6-3 (Groundball, 6, EV 111.2 MPH)
Batting: LHB Ta-hye Keng 0-0: Called Strike
0-1: Foul Ball, location: 2F
0-2: Ball
1-2: Strikes out looking
Top of the 6th over - 0 runs, 0 hits, 0 errors, 0 left on base; Kennesaw 7 - Monroeville 0
BOTTOM OF THE 6TH
Monroeville Yinzers batting - Pitching for Kennesaw Jets : RHP José Jiménez
Batting: RHB Drake Riley Jr. 0-0: Fly out, F8 (Flyball, 8RD, EV 98.8 MPH)
Batting: SHB Cristo López 0-0: Foul Ball, location: 2F
0-1: Swinging Strike
0-2: Ball
1-2: Fly out, F8 (Flyball, 8LD, EV 108.8 MPH)
Batting: SHB Chong-hun Cho 0-0: Called Strike
0-1: Foul Ball, location: 2F
0-2: Fly out, F5 (Popup, 5SF, EV 64.4 MPH)
Bottom of the 6th over - 0 runs, 0 hits, 0 errors, 0 left on base; Kennesaw 7 - Monroeville 0
TOP OF THE 7TH
Kennesaw Jets batting - Pitching for Monroeville Yinzers : RHP Jeff Haley
Batting: RHB Rubén Nuañez 0-0: Foul Ball, location: 2F
0-1: Swinging Strike
0-2: Strikes out looking
Batting: LHB Steve Hodge 0-0: Ball
1-0: Ball
2-0: Ball
3-0: Base on Balls
Batting: RHB Will Gamble 0-0: Called Strike
0-1: Ball
1-1: Ball
2-1: Swinging Strike
2-2: Ball
3-2: Base on Balls
Steve Hodge to second
Batting: LHB Russ Boucher 0-0: 3-RUN HOME RUN (Flyball, 89XD, EV 95.6 MPH), Distance : 437 ft
Batting: LHB José Costa 0-0: Ball
1-0: Ball
2-0: Foul Ball, location: 2F
2-1: Ball
3-1: Foul Ball, location: 2F
3-2: Base on Balls
Batting: RHB Kaaleppi Möttölä 0-0: Called Strike
0-1: Ball
1-1: Swinging Strike
1-2: Strikes out swinging
Batting: RHB Steve Gill 0-0: Ball
Wild Pitch!
José Costa to second
1-0: Called Strike
1-1: Ball
2-1: Ball
3-1: Called Strike
3-2: Foul Ball, location: 2F
3-2: Strikes out swinging
Top of the 7th over - 3 runs, 1 hit, 0 errors, 1 left on base; Kennesaw 10 - Monroeville 0
BOTTOM OF THE 7TH
Monroeville Yinzers batting - Pitching for Kennesaw Jets : RHP José Jiménez
Pinch Hitting: RHB Jack Mayes 0-0: Called Strike
0-1: Ground out 5-3 (Groundball, 56, EV 81.9 MPH)
Batting: RHB Félix Pacheco 0-0: Ball
1-0: Ball
2-0: Swinging Strike
2-1: Ball
3-1: Called Strike
3-2: SOLO HOME RUN (Flyball, 89XD, EV 97.5 MPH), Distance : 401 ft
Batting: RHB Dave Hall 0-0: Ball
1-0: Called Strike
1-1: Ball
2-1: Foul Ball, location: 2F
2-2: Strikes out swinging
Batting: SHB John Clay 0-0: Foul Ball, location: 2F
0-1: Ball
1-1: Foul Ball, location: 2F
1-2: Ball
2-2: Ball
3-2: SINGLE (Line Drive, 8RS, EV 90.0 MPH)
Batting: RHB Donovan Poe 0-0: Called Strike
0-1: Ball
1-1: Called Strike
1-2: Foul Ball, location: 2F
1-2: Ball
John Clay steals 2nd base (no throw)
2-2: Ball
3-2: Ground out 4-3 (Groundball, 4, EV 101.2 MPH)
Bottom of the 7th over - 1 run, 2 hits, 0 errors, 1 left on base; Kennesaw 10 - Monroeville 1
TOP OF THE 8TH
Kennesaw Jets batting - Pitching for Monroeville Yinzers : RHP Jeff Haley
Pitching: RHP Rob Lee
Now in RF: Jack Mayes
Batting: RHB Pancho Hernández 0-0: Ball
1-0: Foul Ball, location: 2F
1-1: Called Strike
1-2: Strikes out swinging
Batting: LHB Ta-hye Keng 0-0: Called Strike
0-1: SINGLE (Line Drive, 4D, EV 99.4 MPH)
Batting: RHB Rubén Nuañez 0-0: Called Strike
0-1: Foul Ball, location: 2F
0-2: Fly out, F8 (Line Drive, 8RD, EV 101.9 MPH)
Batting: LHB Steve Hodge 0-0: Foul Ball, location: 2F
0-1: Ball
1-1: Fly out, F8 (Line Drive, 8LM, EV 98.8 MPH)
Top of the 8th over - 0 runs, 1 hit, 0 errors, 1 left on base; Kennesaw 10 - Monroeville 1
BOTTOM OF THE 8TH
Monroeville Yinzers batting - Pitching for Kennesaw Jets : RHP José Jiménez
Batting: RHB Mike Sackett 0-0: Swinging Strike
0-1: Foul Ball, location: 2F
0-2: Fly out, F9 (Flyball, 9S, EV 88.1 MPH)
Batting: RHB Drake Riley Jr. 0-0: SINGLE (Groundball, 6D, EV 102.5 MPH)
Batting: SHB Cristo López 0-0: Ball
1-0: Called Strike
1-1: Foul Ball, location: 2F
1-2: Ball
2-2: Ball
3-2: Base on Balls
Drake Riley Jr. to second
Batting: SHB Chong-hun Cho 0-0: Ball
1-0: Foul Ball, location: 2F
1-1: Swinging Strike
1-2: Strikes out swinging
Batting: RHB Jack Mayes 0-0: Called Strike
0-1: Ball
1-1: Swinging Strike
1-2: Ball
2-2: Foul Ball, location: 2F
2-2: Fielders Choice at 2nd, 5-4 (Groundball, 56, EV 110.6 MPH)
Bottom of the 8th over - 0 runs, 1 hit, 0 errors, 2 left on base; Kennesaw 10 - Monroeville 1
TOP OF THE 9TH
Kennesaw Jets batting - Pitching for Monroeville Yinzers : RHP Rob Lee
Batting: RHB Will Gamble 0-0: Called Strike
0-1: Ball
1-1: Ball
2-1: Foul Ball, location: 2F
2-2: Foul Ball, location: 2F
2-2: Foul Ball, location: 2F
2-2: Strikes out swinging
Batting: LHB Russ Boucher 0-0: Ball
1-0: Ball
2-0: Ball
3-0: Base on Balls
Batting: LHB José Costa 0-0: Ball
1-0: Fly out, F7 (Flyball, 78M, EV 83.8 MPH)
Batting: RHB Kaaleppi Möttölä 0-0: DOUBLE (Line Drive, 9LM, EV 113.8 MPH)
Russ Boucher to third
Runner from 3rd tries for Home, SAFE, throw by RF to trailing runner, SAFE at third!
Batting: RHB Steve Gill 0-0: Ball
1-0: Called Strike
1-1: Swinging Strike
1-2: Strikes out swinging
Top of the 9th over - 1 run, 1 hit, 0 errors, 1 left on base; Kennesaw 11 - Monroeville 1
BOTTOM OF THE 9TH
Monroeville Yinzers batting - Pitching for Kennesaw Jets : RHP José Jiménez
Batting: RHB Félix Pacheco 0-0: Fly out, F9 (Flyball, 9S, EV 91.2 MPH)
Pinch Hitting: RHB Jackson Duffy 0-0: Fly out, F8 (Flyball, 8LXD, EV 98.1 MPH)
Batting: SHB John Clay 0-0: Foul Ball, location: 2F
0-1: Ball
1-1: Foul Ball, location: 2F
1-2: Strikes out swinging
Bottom of the 9th over - 0 runs, 0 hits, 0 errors, 0 left on base; Kennesaw 11 - Monroeville 1
Friday, March 26th, 2021 - OOTP Baseball 20.8 Build 74